 Dungeon Crawl Stone Soup version 0.31-a0-175-g9f7f995f2b (webtiles) character file.

Game seed: 4644071895902735215

394 qw the Shooter (level 6, -7/57 HPs)
             Began as a Naga Hunter on June 16, 2023.
             Mangled by a gnoll bouda
             ... wielding a +0 club
              (8 damage)
             ... on level 4 of the Dungeon.
             The game lasted 00:00:57 (2337 turns).

qw the Shooter (Naga Hunter)                        Turns: 2337, Time: 00:00:58

Health: -7/57      AC:  4    Str: 14    XL:     6   Next: 81%
Magic:  6/6        EV:  9    Int:  9    God:
Gold:   179        SH:  5    Dex: 16    Spells: 5/5 levels left

rFire   . . .        Y - +0 shortbow
rCold   . . .        (shield currently unavailable)
rNeg    . . .        c - +0 leather armour
rPois   +            (no helmet)
rElec   .            (no cloak)
rCorr   .            i - +0 pair of gloves
SInv    +            (no barding)
Will    .....        a - amulet of reflection
Stlth   ++           (no ring)
HPRegen 0.29/turn    (no ring)
MPRegen 0.10/turn

%: reflection
@: short of breath, weakened, very slow
A: AC +2, large, see invisible, deformed body, poison resistance, slowness 2,
spit poison 1, naga tail 1
a: Spit Poison


You were on level 4 of the Dungeon.
You visited 1 branch of the dungeon, and saw 4 of its levels.

You collected 179 gold pieces.


Innate Abilities, Weirdness & Mutations

Your serpentine skin is tough. (AC +2)
You have supernaturally acute eyesight. (SInv)
Armour fits poorly on your strangely shaped body.
Your system is resistant to poisons. (rPois)
You cover ground very slowly.
You can spit poison.
You have a snake-like lower body.


   Skills:
 + Level 3.8 Fighting
 - Level 6.5 Ranged Weapons
 - Level 1.5 Dodging
 - Level 1.5 Stealth


You had 5 spell levels left.
You didn't know any spells.
Your spell library was empty.

Inventory:

Hand Weapons
 Y - a +0 shortbow (weapon)
Armour
 c - a +0 leather armour (worn)
 i - a +0 pair of gloves (worn)
Jewellery
 a - an amulet of reflection (around neck)
Scrolls
 h - a scroll of noise {unknown}
 j - a scroll of poison {unknown}
Potions
 b - a potion of attraction {unknown}
 d - a potion of haste {unknown}
 e - a potion of might
 f - 2 potions of curing
 g - a potion of degeneration {unknown}

Dungeon Overview and Level Annotations

Branches:
Dungeon (4/15)
 Temple: D:4-7

Altars:
Wu Jian

Annotations:
D:4 Eustachio


Message History

You shoot an arrow. The arrow barely misses the iron imp.
The arrow hits the bat!
You kill the bat!
The bat's corpse disappears in a puff of smoke!
The gnoll closely misses you.
The gnoll hits you from afar with a +0 spear.
The river rat barely misses you.
The iron imp hits you but does no damage.
The gnoll hits you from afar with a +0 spear.
You shoot an arrow. The arrow closely misses the iron imp.
The gnoll bouda gazes fiercely through you!
You feel your attacks grow feeble.
Eustachio casts a spell.
The gnoll misses you. You block the gnoll's attack.
You block the river rat's attack. You block the gnoll's attack.
The iron imp closely misses you.
Eustachio asks, "How can you live without manners, virtues and honour?"
The gnoll barely misses you. The gnoll bouda completely misses you.
You shoot an arrow. The arrow hits the iron imp.
The iron imp is moderately wounded.
You have got your breath back.
The gnoll hits you from afar with a +0 spear.
The river rat bites you but does no damage.
The gnoll closely misses you. The iron imp hits you!
Eustachio gestures wildly while chanting.
The gnoll hits you from afar with a +0 halberd!
The gnoll bouda barely misses you.
2337 ||| INVOKING Spit Poison.
Aiming: Spit Poison (1% risk of failure)
Press: ? - help, Shift-Dir - straight line, f - gnoll bouda, p - iron imp The splash of poison hits the gnoll bouda.
The gnoll bouda is poisoned.
The gnoll bouda is moderately wounded.
The iron imp disappears in a puff of smoke!
The gnoll hits you from afar with a +0 spear.
The river rat barely misses you.
The gnoll hits you from afar with a +0 spear.
The gnoll barely misses you.
The gnoll bouda hits you with a +0 club!
You die...

#...#...........
#...#......#####
#...#......#
###'#......#####
#+###.....######....
#...#.....# #....
#...#.....# #....
#...).....# #....
#.ยค@#.....# #....
#grg#.....# #....
#gKg#.....# #....
#b@r#.....# #....
#5r.#.....# #####
#5.5####### .....
......


You could see Eustachio (poisoned), a gnoll bouda (poisoned), 3 gnolls, a river
rat (summoned), a white imp (summoned), 2 shadow imps, a quokka (summoned), a
bat (summoned), a kobold and a rat (summoned).

Vanquished Creatures
  Sigmund (D:4)
  An orc priest (D:4)
  Ijyb (D:3)
  Jessica (D:3)
  Natasha (D:2)
  2 iguanas (D:4)
  A gnoll (D:4)
  An ufetubus (D:4)
  A worm (D:2)
  A dart slug (D:3)
  6 orcs
  9 endoplasms
  A giant cockroach (D:3)
  4 goblins
  10 hobgoblins
  A quokka (D:2)
  5 ball pythons
  5 bats
  3 frilled lizards
  3 kobolds
  6 rats
64 creatures vanquished.

Notes
Turn   | Place    | Note
-------+----------+-------------------------------------------
     0 | D:1      | qw the Naga Hunter began the quest for the Orb.
     0 | D:1      | Reached XP level 1. HP: 19/19 MP: 1/1
     0 | D:1      | 0 ||| qw: Version: 0.2-a-29-g511e9b1
     0 | D:1      | 0 ||| qw: Game counter: 5762
     0 | D:1      | 0 ||| qw: Always use a shield: true
     0 | D:1      | 0 ||| qw: God list: Okawaru
     0 | D:1      | 0 ||| qw: Allow faded altars: false
     0 | D:1      | 0 ||| qw: Do Orc after D:15 true
     0 | D:1      | 0 ||| qw: Do second Lair branch before Depths: true
     0 | D:1      | 0 ||| qw: Lair rune preference: random
     0 | D:1      | 0 ||| qw: Plans: Normal
     0 | D:1      | 0 ||| PLANNING D:1-11
    14 | D:1      | 14 ||| INVOKING Spit Poison.
    28 | D:1      | 28 ||| INVOKING Spit Poison.
    68 | D:1      | Reached skill level 4 in Ranged Weapons
    68 | D:1      | Reached XP level 2. HP: 26/26 MP: 2/2
    86 | D:1      | 86 ||| INVOKING Spit Poison.
   170 | D:1      | 170 ||| INVOKING Spit Poison.
   189 | D:1      | 189 ||| INVOKING Spit Poison.
   194 | D:1      | 194 ||| INVOKING Spit Poison.
   206 | D:1      | 206 ||| INVOKING Spit Poison.
   212 | D:1      | 212 ||| INVOKING Spit Poison.
   217 | D:1      | 217 ||| INVOKING Spit Poison.
   296 | D:1      | 296 ||| INVOKING Spit Poison.
   299 | D:1      | 299 ||| INVOKING Spit Poison.
   303 | D:1      | 303 ||| INVOKING Spit Poison.
   307 | D:1      | 307 ||| INVOKING Spit Poison.
   434 | D:1      | 434 ||| DRINKING 2 metallic brown potions.
   435 | D:1      | 435 ||| DROPPING scroll of butterflies.
   439 | D:2      | Reached XP level 3. HP: 32/32 MP: 3/3
   454 | D:2      | 454 ||| INVOKING Spit Poison.
   457 | D:2      | 457 ||| INVOKING Spit Poison.
   545 | D:2      | 545 ||| INVOKING Spit Poison.
   564 | D:2      | 564 ||| INVOKING Spit Poison.
   568 | D:2      | 568 ||| INVOKING Spit Poison.
   592 | D:2      | 592 ||| INVOKING Spit Poison.
   598 | D:2      | 598 ||| INVOKING Spit Poison.
   604 | D:2      | 604 ||| INVOKING Spit Poison.
   607 | D:2      | 607 ||| INVOKING Spit Poison.
   610 | D:2      | 610 ||| FLEEEEING.
   611 | D:2      | 611 ||| FLEEEEING.
   615 | D:2      | 615 ||| STAIRDANCE
   680 | D:1      | 680 ||| READING scroll labelled BOJY CIASEYNT.
   681 | D:1      | 681 ||| READING scroll labelled FUNTAC DOEWNEU.
   738 | D:2      | 738 ||| INVOKING Spit Poison.
   747 | D:2      | 747 ||| INVOKING Spit Poison.
   772 | D:2      | 772 ||| INVOKING Spit Poison.
   778 | D:2      | 778 ||| INVOKING Spit Poison.
   813 | D:2      | 813 ||| INVOKING Spit Poison.
   842 | D:2      | Noticed Natasha
   843 | D:2      | 843 ||| INVOKING Spit Poison.
   850 | D:2      | 850 ||| INVOKING Spit Poison.
   852 | D:2      | Killed Natasha
   853 | D:2      | Reached skill level 5 in Ranged Weapons
   853 | D:2      | Reached XP level 4. HP: 31/39 MP: 4/4
   923 | D:2      | 923 ||| INVOKING Spit Poison.
   979 | D:2      | 979 ||| UPGRADING to +0 pair of gloves.
   984 | D:2      | 984 ||| READING scroll labelled CUBBIM ONENGE.
   985 | D:2      | 985 ||| READING scroll labelled JAN YQANOI.
  1086 | D:2      | 1086 ||| READING scroll labelled ROL YXIJURO.
  1087 | D:2      | 1087 ||| DRINKING 2 red potions.
  1120 | D:3      | 1120 ||| INVOKING Spit Poison.
  1280 | D:3      | 1280 ||| INVOKING Spit Poison.
  1331 | D:3      | Found an ornate altar of the Wu Jian Council.
  1372 | D:3      | 1372 ||| INVOKING Spit Poison.
  1504 | D:3      | Noticed Jessica
  1505 | D:3      | 1505 ||| INVOKING Spit Poison.
  1508 | D:3      | Killed Jessica
  1695 | D:3      | 1695 ||| INVOKING Spit Poison.
  1742 | D:3      | Noticed Ijyb
  1743 | D:3      | 1743 ||| INVOKING Spit Poison.
  1747 | D:3      | 1747 ||| INVOKING Spit Poison.
  1750 | D:3      | Killed Ijyb
  1751 | D:3      | Reached skill level 3 in Fighting
  1751 | D:3      | Reached XP level 5. HP: 13/49 MP: 5/5
  1751 | D:3      | 1751 ||| INVOKING Spit Poison.
  1751 | D:3      | HP: 12/49 [goblin/+0 dagger (2)]
  1752 | D:3      | 1752 ||| READING scroll of teleportation.
  1753 | D:3      | 1753 ||| DRINKING potion of heal wounds.
  1845 | D:3      | 1845 ||| UPGRADING to amulet of reflection.
  1850 | D:3      | 1850 ||| DRINKING 2 white potions.
  1872 | D:4      | 1872 ||| INVOKING Spit Poison.
  1882 | D:4      | 1882 ||| INVOKING Spit Poison.
  1894 | D:4      | 1894 ||| INVOKING Spit Poison.
  1922 | D:4      | 1922 ||| INVOKING Spit Poison.
  1928 | D:4      | 1928 ||| INVOKING Spit Poison.
  1935 | D:4      | 1935 ||| INVOKING Spit Poison.
  1941 | D:4      | 1941 ||| INVOKING Spit Poison.
  2095 | D:4      | 2095 ||| INVOKING Spit Poison.
  2171 | D:4      | 2171 ||| INVOKING Spit Poison.
  2174 | D:4      | Noticed Sigmund
  2177 | D:4      | 2177 ||| INVOKING Spit Poison.
  2180 | D:4      | 2180 ||| INVOKING Spit Poison.
  2185 | D:4      | 2185 ||| INVOKING Spit Poison.
  2185 | D:4      | Killed Sigmund
  2186 | D:4      | Reached skill level 6 in Ranged Weapons
  2186 | D:4      | Reached XP level 6. HP: 37/56 MP: 6/6
  2269 | D:4      | 2269 ||| INVOKING Spit Poison.
  2272 | D:4      | 2272 ||| INVOKING Spit Poison.
  2317 | D:4      | 2317 ||| INVOKING Spit Poison.
  2323 | D:4      | Noticed Eustachio
  2324 | D:4      | 2324 ||| INVOKING Spit Poison.
  2331 | D:4      | 2331 ||| INVOKING Spit Poison.
  2336 | D:4      | HP: 6/57 [gnoll/+0 halberd[a gnoll bouda] (15)]
  2337 | D:4      | 2337 ||| INVOKING Spit Poison.
  2337 | D:4      | HP: 1/57 [gnoll/+0 spear[a gnoll bouda] (2)]
  2337 | D:4      | Mangled by a gnoll bouda

Levels and vault maps discovered:
D:1:      scummos_arrival_forest, layout_rooms
D:2:      layout_basic, uniq_natasha
D:3:      layout_loops_ring, lemuel_round_altar, uniq_ijyb, uniq_jessica
D:4:      layout_gridville, kennysheep_little_box, minmay_misc_feat_chi,
          uniq_crazy_yiuf_cottage, uniq_sigmund, uniq_eustachio,
          uniq_blork_the_orc

Skill      XL: |  1  2  3  4  5 |
---------------+----------------+-----
Ranged Weapons | 4 5 6 |  6.5
Fighting       | 3 |  3.8
Dodging        | |  1.5
Stealth        | |  1.5

Action                     |  1- 3 |  4- 6 || total
---------------------------+-------+-------++-------
   Fire: Shortbow          |    84 |    75 ||   159
Ability: Spit Poison       |    29 |    27 ||    56
    Use: Potion            |     1 |     3 ||     4
         Scroll            |     2 |     4 ||     6
 Armour: Leather armour    |    16 |    14 ||    30
  Dodge: Dodged            |    22 |    29 ||    51
  Block: Other             |       |    11 ||    11

Table legend:
 A = Non-vault XP
 B = Vault XP
 C = Vault XP percentage of total XP
 D = Non-vault monster count
 E = Vault monster count
 F = Vault count percentage of total count
                 A         B        C        D         E       F
            +---------+---------+-------+---------+---------+-------
      Total |     239 |     324 |  57.5 |      60 |       4 |   6.2
            +---------+---------+-------+---------+---------+-------
        D:1 |      33 |       0 |   0.0 |      20 |       0 |   0.0
        D:2 |      31 |      35 |  53.0 |      17 |       1 |   5.6
        D:3 |      16 |      75 |  82.4 |       8 |       2 |  20.0
        D:4 |     159 |     214 |  57.4 |      15 |       1 |   6.2
            +---------+---------+-------+---------+---------+-------
